 Dungeon Crawl Stone Soup version 0.29.1 (webtiles) character file.

Game seed: 2486324152233961873

22270 Ordine the Skirmisher (level 12, -5/76 HPs)
             Began as a Tengu Hunter on Sept 13, 2022.
             Was a High Priest of Okawaru.
             Slain by a cane toad (18 damage)
             ... on level 2 of the Lair of Beasts.
             The game lasted 00:45:45 (18793 turns).

Ordine the Skirmisher (Tengu Hunter)               Turns: 18793, Time: 00:45:46

Health: -5/76      AC:  5    Str: 12    XL:     12   Next: 98%
Magic:  17/17      EV: 25    Int: 10    God:    Okawaru [*****.]
Gold:   540        SH: 12    Dex: 28    Spells: 11/11 levels left

rFire   . . .      SeeInvis .   b - +5 long sword
rCold   + . .      Faith    .   P - +1 buckler of the Komodo Dragon {rPois Regen+}
rNeg    . . .      Spirit   .   q - +1 robe {rC+}
rPois   +          Reflect  +   (helmet restricted)
rElec   .          Harm     .   g - +0 cloak
rCorr   .          Rampage  .   G - +0 pair of gloves
Will    +....                   (boots unavailable)
Stlth   +++++.....              l - amulet of reflection
HPRegen 1.02/turn               C - +6 ring of dexterity
MPRegen 0.15/turn               M - ring of willpower

@: lethally poisoned (-5 -> -10), flying quickly and evasively, studying Short
Blades, quick
A: beak, talons 3, nimble flight
a: Renounce Religion, Heroism, Finesse, Duel


You were on level 2 of the Lair of Beasts.
You worshipped Okawaru.
Okawaru was extremely pleased with you.
You visited 3 branches of the dungeon, and saw 14 of its levels.
You also visited: Ossuary.

You collected 968 gold pieces.
You spent 428 gold pieces at shops.

Inventory:

Hand Weapons
 a - the +3 arbalest of the Evil Eye {elec, rPois rC- rN+++ Dex-4}
   (Okawaru gifted it to you on level 7 of the Dungeon)

   Any ammunition fired from it occasionally discharges a powerful burst of
   electricity upon striking a foe.
   Dex:       It affects your dexterity (-4).
   rC:        It makes you vulnerable to cold.
   rPois:     It protects you from poison.
   rN:        It renders you almost immune to negative energy.
 b - a +5 long sword (weapon)
Missiles
 n - 2 throwing nets
Armour
 g - a +0 cloak (worn)
 q - a +1 robe of cold resistance (worn)
 G - a +0 pair of gloves (worn)
 P - the +1 buckler of the Komodo Dragon (worn) {rPois Regen+}
   (Okawaru gifted it to you on level 1 of the Lair of Beasts)

   rPois:     It protects you from poison.
   Regen:     It increases your rate of health regeneration.
Jewellery
 j - a ring of resist corrosion
 l - an amulet of reflection (around neck)
 C - a +6 ring of dexterity (left hand)
 I - a ring of positive energy
 K - a ring of poison resistance
 M - a ring of willpower (right hand)
Wands
 x - a wand of flame (34)
 F - a wand of mindburst (10)
 O - a wand of roots (10)
 R - a wand of acid (2)
Scrolls
 c - 3 scrolls of identify
 i - 2 scrolls of vulnerability
 o - 5 scrolls of enchant weapon
 p - 4 scrolls of immolation
 t - 4 scrolls of poison
 u - 4 scrolls of fear
 w - 2 scrolls of amnesia
 y - 3 scrolls of enchant armour
 E - a scroll of silence
 H - a scroll of magic mapping
 J - 2 scrolls of teleportation
 L - 3 scrolls of torment {unknown}
Potions
 d - 3 potions of invisibility
 e - 13 potions of curing
 f - 10 potions of brilliance
 h - 4 potions of haste
 k - 4 potions of magic
 m - 9 potions of attraction
 r - 3 potions of might
 s - 2 potions of mutation
 v - a potion of resistance
 A - 3 potions of lignification
 B - 3 potions of berserk rage
 D - 2 potions of cancellation
 N - a potion of ambrosia
 Q - a potion of heal wounds
Miscellaneous
 z - a lightning rod (4/4)


   Skills:
 + Level 9.2 Fighting
 - Level 5.0(6.2) Short Blades
 + Level 5.7(6.6) Long Blades
 * Level 14.3 Ranged Weapons
 - Level 9.0 Dodging
 - Level 9.0 Stealth
 + Level 1.8 Shields
 + Level 6.3 Invocations


You had 11 spell levels left.
You didn't know any spells.
Your spell library contained the following spells:

 Spells                   Type           Power      Damage    Failure   Level
 Apportation              Tloc           0%         N/A       45%         1
 Blink                    Tloc           0%         N/A       58%         2
 Ensorcelled Hibernation  Hex/Ice        0%         N/A       58%         2
 Passwall                 Tmut/Erth      0%         N/A       58%         2
 Sublimation of Blood     Necr           0%         N/A       58%         2
 Wereblood                Tmut           0%         N/A       58%         2
 Conjure Flame            Conj/Fire      0%         6-21      83%         3
 Gell's Gravitas          Tloc           0%         N/A       83%         3
 Ignite Poison            Fire/Tmut/Pois 0%         N/A       83%         3
 Lesser Beckoning         Tloc           0%         N/A       83%         3
 Ozocubu's Armour         Ice            0%         N/A       83%         3
 Swiftness                Air            0%         N/A       83%         3
 Teleport Other           Tloc           0%         N/A       83%         3
 Sticky Flame             Conj/Fire      0%         2d3       99%         4
 Alistair's Intoxication  Tmut/Pois      0%         N/A       100%        5
 Fireball                 Conj/Fire      0%         3d3       100%        5
 Manifold Assault         Tloc           0%         N/A       100%        5
 Starburst                Conj/Fire      0%         6d3       100%        6
 Ozocubu's Refrigeration  Ice            0%         4d7       100%        7
 Ignition                 Fire           0%         3d3       100%        8
 Summon Hydra             Summ           Unusable   N/A       N/A         7

Dungeon Overview and Level Annotations

Branches:
Dungeon (11/15)            Temple (1/1) D:4            Lair (2/5) D:8
 Spider (0/4) Lair:2          Orc (0/2) D:9         Ossuary (visited)
  Swamp: Lair:2-3    Shoals: Lair:2-3

Altars:
Ashenzari
Cheibriados
Dithmenos
Elyvilon
Fedhas
Gozag
Hepliaklqana
Kikubaaqudgha
Makhleb
Nemelex Xobeh
Okawaru
Qazlal
Ru
Sif Muna
Trog
Uskayaw
Vehumet
Wu Jian
Xom
Yredelemnul
Zin
The Shining One

Shops:
D:3 *


Innate Abilities, Weirdness & Mutations

You have a beak for a mouth.
You have claws for feet.
Your magical nature lets you fly swiftly and evasively.


Message History

You claw the polar bear, but do no damage.
The polar bear is severely wounded.
The cane toad completely misses you. The bullfrog hits you.
You block the polar bear's attack. x2; The polar bear completely misses you.
The cane toad misses you.
Unknown command.
You hit the polar bear.
The polar bear is severely wounded.
The bullfrog barely misses you. You block the cane toad's attack.
The polar bear barely misses you. You block the polar bear's attack.
The polar bear completely misses you. You block the bullfrog's attack.
Unknown command.
You slash the polar bear!
You kill the polar bear!
Okawaru accepts your kill. You block the cane toad's attack.
The bullfrog barely misses you.
You closely miss the cane toad.
You claw the cane toad, but do no damage.
The bullfrog completely misses you. The cane toad completely misses you.
The bullfrog hits you. The cane toad stings you!!
You are poisoned.
The cane toad poisons you!
Unknown command.
You are too injured to fight recklessly!
You are too injured to fight recklessly!
You hit the cane toad but do no damage.
You feel extremely sick. You block the bullfrog's attack.
The cane toad closely misses you. The bullfrog hits you.
* * * LOW HITPOINT WARNING * * *
You hit the cane toad but do no damage.
You claw the cane toad, but do no damage.
You feel very sick. The cane toad completely misses you.
The bullfrog misses you.
You hit the cane toad. You peck the cane toad.
The cane toad is lightly wounded.
You feel very sick. The bullfrog completely misses you.
The cane toad completely misses you. You block the bullfrog's attack.
The cane toad stings you!!
You die...

#..........$......
######.................
##P#.#..........$.......
........................
#####...................
#.#.......[.........
##..................
##...............(.
#.........F@F......
##..........†......
.......$...........
....(..............
.................. ..
................. ..
................. ..
................. ..
...............


You could see a cane toad and a bullfrog.

Vanquished Creatures
  Fannar (Lair:2)
  Erolcha (D:11)
  A centaur warrior (D:9)
  4 two-headed ogres
  Amaemon (D:7)
  An ugly thing (D:9)
  Maurice (D:8)
  2 black mambas
  An orange demon (D:8)
  An unseen horror (D:11)
  4 cane toads
  A rime drake (Lair:2)
  A kobold demonologist (D:10)
  3 komodo dragons (Lair:1)
  A troll (D:9)
  A polar bear (Lair:2)
  Grinder (D:6)
  A tyrant leech (D:10)
  Prince Ribbit (D:6)
  4 blink frogs (Lair:1)
  A wyvern (D:11)
  14 yaks
  2 shadows
  A wraith (D:10)
  Grum (D:8)
  2 steam dragons (D:9)
  A redback (Lair:2)
  Edmund (D:6)
  2 swamp worms (D:10)
  4 water moccasins
  Duvessa (D:4)
  8 orc warriors
  2 ice beasts
  6 black bears
  A hornet zombie (Ossuary)
  5 ogres
  6 wolves
  6 centaurs
  The ghost of hitsuchi the Stinger, an amateur OpVM (D:3)
  8 kobold brigands
  A necrophage (D:6)
  9 bullfrogs
  3 gnoll sergeants
  2 wyvern zombies (Ossuary)
  2 scorpions
  4 water moccasin zombies (Ossuary)
  Dowan (D:4)
  14 wights
  A vampire bat (D:11)
  5 howler monkeys
  6 centaur zombies (Ossuary)
  6 bullfrog zombies (Ossuary)
  4 hounds
  A gnoll bouda (D:5)
  4 orc priests
  3 iguanas
  Jessica (D:2)
  10 orc wizards
  A killer bee zombie (Ossuary)
  9 mummies (Ossuary)
  17 gnolls
  4 howler monkey zombies (Ossuary)
  9 adders
  3 shadow imps
  4 white imps
  An ufetubus (D:6)
  2 worms
  2 dart slugs
  36 orcs
  5 ball pythons
  4 bat skeletons (D:11)
  2 bat zombies (D:11)
  4 endoplasms
  3 giant cockroaches
  8 goblins
  6 hobgoblins
  A quokka (D:2)
  3 bats
  6 frilled lizards
  40 kobolds
  11 kobold skeletons (D:10)
  7 kobold zombies (D:10)
  3 rats
373 creatures vanquished.

Vanquished Creatures (others)
  42 fungi
  50 plants
  7 withered plants (Ossuary)
99 creatures vanquished.

Grand Total: 472 creatures vanquished

Notes
Turn   | Place    | Note
-------+----------+-------------------------------------------
     0 | D:1      | Ordine the Tengu Hunter began the quest for the Orb.
     0 | D:1      | Reached XP level 1. HP: 12/12 MP: 2/2
   179 | D:1      | Found a faded altar of an unknown god.
   361 | D:1      | Reached XP level 2. HP: 17/17 MP: 3/3
  1358 | D:2      | Reached XP level 3. HP: 21/21 MP: 4/4
  1581 | D:2      | Noticed Jessica
  1582 | D:2      | Killed Jessica
  1583 | D:2      | Reached skill level 5 in Ranged Weapons
  1599 | D:2      | Reached XP level 4. HP: 27/27 MP: 5/5
  2794 | D:3      | Found Cuisink's Assorted Antiques.
  2799 | D:3      | Bought a sapphire potion for 17 gold pieces
  2799 | D:3      | Bought a golden potion for 17 gold pieces
  2799 | D:3      | Bought a scroll labelled BEMOWK YCILL for 19 gold pieces
  2844 | D:3      | Gained mutation: Your magical nature lets you fly swiftly
                  | and evasively. [Tengu growth]
  2844 | D:3      | Reached XP level 5. HP: 32/32 MP: 6/6
  2906 | D:3      | Found a runed translucent door.
  2906 | D:3      | Noticed hitsuchi's ghost (amateur OpVM)
  3182 | D:3      | Found a faded altar of an unknown god.
  3307 | D:3      | Found a shimmering altar of Xom.
  3378 | D:3      | Killed hitsuchi's ghost
  3379 | D:3      | Reached skill level 6 in Ranged Weapons
  3379 | D:3      | Reached XP level 6. HP: 15/37 MP: 7/7
  3648 | D:3      | Bought a scroll labelled HAISAULIUF for 19 gold pieces
  3648 | D:3      | Bought 2 scrolls labelled GUFIOLU EFRONT for 38 gold pieces
  3648 | D:3      | Bought a scroll labelled GUFIOLU EFRONT for 19 gold pieces
  3743 | D:4      | Found a staircase to the Ecumenical Temple.
  3749 | Temple   | Entered the Ecumenical Temple
  3749 | Temple   | Found a transporter.
  3749 | Temple   | Found a transporter.
  3751 | Temple   | Found a transporter.
  3751 | Temple   | Found a transporter.
  3769 | Temple   | Became a worshipper of Warmaster Okawaru
  4607 | D:4      | Found Ylatenti's Distillery.
  4617 | D:4      | Bought a potion of curing for 39 gold pieces
  4636 | D:4      | Bought a potion of flight for 39 gold pieces
  4646 | D:4      | Identified the +5 hand axe of Disgust {antimagic, rF+ Int+5
                  | SInv}
  4794 | D:4      | Reached XP level 7. HP: 14/42 MP: 8/8
  5151 | D:4      | Reached * piety under Okawaru
  5303 | D:4      | Found a sacrificial altar of Ru.
  5370 | D:5      | Entered Level 5 of the Dungeon
  5787 | D:5      | Noticed Duvessa
  6094 | D:5      | Reached skill level 7 in Ranged Weapons
  6111 | D:5      | Found a radiant altar of Vehumet.
  6146 | D:5      | Reached skill level 1 in Invocations
  6654 | D:5      | Noticed Dowan
  6715 | D:4      | Killed Duvessa
  6716 | D:4      | Reached XP level 8. HP: 11/48 MP: 8/10
  6732 | D:4      | Killed Dowan
  7306 | D:5      | Reached ** piety under Okawaru
  7351 | D:5      | Reached skill level 5 in Dodging
  7549 | D:5      | Reached skill level 8 in Ranged Weapons
  7757 | D:6      | Noticed Edmund
  7782 | D:6      | Killed Edmund
  7858 | D:6      | Found an opulent altar of Gozag.
  8155 | D:6      | Reached skill level 5 in Fighting
  8155 | D:6      | Reached skill level 5 in Stealth
  8473 | D:6      | Reached XP level 9. HP: 54/54 MP: 12/12
  8490 | D:6      | Noticed Grinder
  8492 | D:6      | Paralysed by Grinder for 2 turns
  8504 | D:6      | Killed Grinder
  8721 | D:6      | Noticed a two-headed ogre
  9150 | D:6      | Reached skill level 9 in Ranged Weapons
  9309 | D:6      | Noticed Prince Ribbit
  9321 | D:6      | Reached *** piety under Okawaru
  9331 | D:6      | Killed Prince Ribbit
  9342 | D:6      | Found an ancient bone altar of Kikubaaqudgha.
  9982 | D:6      | Killed a two-headed ogre
 10259 | D:7      | Found a broken altar of Ashenzari.
 10322 | D:7      | Reached skill level 10 in Ranged Weapons
 10357 | D:7      | Reached XP level 10. HP: 60/60 MP: 14/14
 10814 | D:7      | Found an ornate altar of the Wu Jian Council.
 10814 | D:7      | Found a bloodstained altar of Trog.
 10815 | D:7      | Found a hide-covered altar of Uskayaw.
 10880 | D:7      | Found a glowing golden altar of the Shining One.
 11055 | D:8      | Found a staircase to the Lair.
 11133 | D:8      | Reached **** piety under Okawaru
 11162 | D:8      | Noticed an orange demon
 11167 | D:8      | Noticed Amaemon
 11185 | D:8      | Killed an orange demon
 11199 | D:8      | Noticed Maurice
 11209 | D:8      | Killed Maurice
 11287 | D:8      | Found a sand-covered staircase.
 11296 | Ossuary  | Entered an ossuary
 11541 | Ossuary  | Reached skill level 11 in Ranged Weapons
 11547 | Ossuary  | Reached skill level 1 in Short Blades
 11752 | D:8      | Identified the amulet of the Open Hand {Acrobat Harm}
 11860 | D:4      | Bought a potion of attraction for 39 gold pieces
 11860 | D:4      | Bought a potion of cancellation for 104 gold pieces
 11860 | D:4      | Bought a potion of curing for 39 gold pieces
 11860 | D:4      | Bought a potion of attraction for 39 gold pieces
 11967 | D:8      | You are sucked into a shaft and drop 3 floors!
 12004 | D:10     | Entered Level 10 of the Dungeon
 12389 | D:10     | Reached skill level 5 in Invocations
 12409 | D:9      | Reached ***** piety under Okawaru
 12718 | D:7      | Killed Amaemon
 12719 | D:7      | Reached XP level 11. HP: 58/67 MP: 15/15
 12819 | D:8      | Noticed Grum
 12853 | D:7      | Identified the +3 arbalest of the Evil Eye {elec, rPois rC-
                  | rN+++ Dex-4} (Okawaru gifted it to you on level 7 of the
                  | Dungeon)
 12853 | D:7      | Received a gift from Okawaru
 12878 | D:8      | Killed Grum
 13316 | D:8      | Found a sparkling altar of Nemelex Xobeh.
 13800 | D:9      | Reached skill level 1 in Long Blades
 13858 | D:9      | Found a staircase to the Orcish Mines.
 13881 | D:9      | Reached skill level 12 in Ranged Weapons
 14320 | D:9      | Noticed a centaur warrior
 14322 | D:9      | Killed a centaur warrior
 14338 | D:9      | Noticed a green ugly thing
 14345 | D:9      | Killed a green ugly thing
 14647 | D:10     | Noticed a two-headed ogre
 14650 | D:10     | Killed a two-headed ogre
 15401 | D:10     | Found an ancient bone altar of Kikubaaqudgha.
 15664 | D:11     | Reached skill level 5 in Short Blades
 15856 | D:11     | Noticed a two-headed ogre
 15861 | D:11     | Killed a two-headed ogre
 15861 | D:11     | Received a gift from Okawaru
 15862 | D:11     | Reached XP level 12. HP: 74/74 MP: 16/16
 15908 | D:11     | Reached skill level 13 in Ranged Weapons
 15925 | D:11     | Reached ****** piety under Okawaru
 16016 | D:11     | Noticed Erolcha
 16020 | D:11     | Killed Erolcha
 16282 | D:11     | Found an ancient bone altar of Kikubaaqudgha.
 16618 | D:11     | Noticed a two-headed ogre
 16635 | D:11     | Killed a two-headed ogre
 16777 | Lair:1   | Entered Level 1 of the Lair of Beasts
 17490 | Lair:1   | Reached skill level 5 in Long Blades
 17926 | Lair:1   | Identified the +1 buckler of the Komodo Dragon {rPois
                  | Regen+} (Okawaru gifted it to you on level 1 of the Lair of
                  | Beasts)
 17926 | Lair:1   | Received a gift from Okawaru
 17932 | Lair:1   | Reached skill level 14 in Ranged Weapons
 18182 | Lair:2   | Noticed Fannar
 18349 | Lair:2   | Killed Fannar
 18399 | Lair:2   | Reached skill level 1 in Shields
 18429 | Lair:2   | Found a hole to the Spider Nest.
 18511 | Lair:2   | Identified the +3 ring mail of Curiosity {Harm rN+}
 18793 | Lair:2   | Slain by a cane toad

Illustrated notes

Levels and vault maps discovered:
D:1:      dpeg_arrival_rhombi, layout_loops_corners,
          hellmonk_ecumenical_altar_crossroads, hangedman_glass_teeth,
          grunt_decor_mini_mirrors, chequers_serial_rivers_room_a
D:2:      layout_basic, serial_curves, eino_curves_02, eino_curves_03,
          uniq_jessica
D:3:      layout_rooms, nicolae_overflow_ecumenical_swirl, serial_shops, shop,
          hellmonk_ghost_happy_afterlife
D:4:      layout_cave_pods, nicolae_ru_the_path_less_chosen,
          minmay_temple_entry_enclosed_plants, serial_shops, nicolae_shop_stone
D:5:      layout_gridville, kennysheep_mini_moat,
          hangedman_abyss_or_decor_lesser_grid, uniq_duvessa
D:6:      layout_loops_cross, mainiacjoe_overflow_small_starburst,
          mainiacjoe_overflow_cross_hatched, uniq_grinder, uniq_edmund,
          uniq_prince_ribbit1
D:7:      layout_loops_ring, mainiacjoe_overflow_chevrons,
          nicolae_overflow_quartered_altars
D:8:      layout_gridville, mainiacjoe_overflow_concentric_impassable,
          due_lair_maze_entry_diamond, enter_ossuary_1, uniq_maurice, uniq_grum,
          uniq_amaemon
D:9:      layout_roguey, kennysheep_orc_monster_closet_entryway,
          minmay_three_doors
D:10:     wander_kiku_kobolds, layout_basic, worms_lemuel
D:11:     layout_roguey, kennysheep_vampire_church, uniq_erolcha
Temple:   hellmonk_temple_divided_pantheon
Lair:1:   layout_cave_shapes, serial_bayou_shore_a, lemuel_fruit_fields
Lair:2:   layout_small_grid, minmay_shoals_entry_centaurs,
          spider_nest_entry_webs, uniq_fannar

Skill      XL: |  1  2  3  4  5  6  7  8  9 10 11 12 |
---------------+-------------------------------------+-----
Ranged Weapons | 5 6 7 8 10 11 12 14 | 14.3
Stealth        | 2 3 4 5 6 7 8 9 |  9.0
Dodging        | 3 4 5 6 7 9 |  9.0
Fighting       | 3 4 5 6 7 8 9 |  9.2
Invocations    | 1 2 4 5 6 |  6.3
Short Blades   | 3 5 |  5.0
Long Blades    | 3 5 |  5.7
Shields        | 1 |  1.8

Action                   |  1- 3 |  4- 6 |  7- 9 | 10-12 || total
-------------------------+-------+-------+-------+-------++-------
Melee: Short sword       |       |    32 |   125 |    91 ||   248
       Kick              |       |     7 |    56 |    69 ||   132
       Peck              |       |     7 |    31 |    48 ||    86
       Punch             |       |       |     9 |     1 ||    10
       Long sword        |       |       |       |    85 ||    85
 Fire: Shortbow          |    56 |   127 |   206 |   273 ||   662
       Arbalest          |       |       |       |   363 ||   363
Invok: Heroism           |       |       |     3 |     3 ||     6
       Finesse           |       |       |       |     1 ||     1
  Use: Scroll            |       |     5 |    11 |     9 ||    25
       Potion            |       |       |     1 |     4 ||     5
 Stab: Sleeping          |       |       |       |     3 ||     3
Armor: Leather armour    |     2 |     8 |     8 |    18 ||    36
       Animal skin       |       |       |       |    17 ||    17
       Robe              |       |       |       |     2 ||     2
Dodge: Dodged            |     9 |    52 |   111 |   524 ||   696
Block: Other             |       |    24 |    28 |   100 ||   152
       Reflection        |       |       |     3 |     5 ||     8
       Buckler           |       |       |       |    39 ||    39
